 Dungeon Crawl Stone Soup version 0.27-a0-1081-ge8a0a9c698 (webtiles) character file.

Game seed: 1501897043392601442

1036 gimp the Skirmisher (level 8, -4/61 HPs)
             Began as a Djinni Fighter on Apr 25, 2021.
             Slain by a gnoll
             ... wielding a +0 flail
              (7 damage)
             ... on level 5 of the Dungeon.
             The game lasted 00:07:58 (5854 turns).

gimp the Skirmisher (Djinni Fighter)                Turns: 5854, Time: 00:07:59

Health: -4/61      AC:  5    Str: 17    XL:     8   Next: 24%
Gold:   89         EV:  9    Int: 11    God:
                   SH: 10    Dex: 12

rFire    + + +     SeeInvis .   a - +1 war axe (flame)
rCold    x . .     Faith    .   c - +0 kite shield
rNeg     . . .     Spirit   .   h - +2 leather armour of Idaq {rF+ Regen+}
rPois    ∞         Reflect  .   (no helmet)
rElec    .         Harm     .   (no cloak)
rCorr    .         Rampage  .   (no gloves)
Will     .....                  (boots unavailable)
Stlth    +.........             (no amulet)
HPRegen  0.20/turn              (no ring)
MPRegen  0.00/turn              (no ring)

@: flying, studying Armour
A: fire resistance 2, cold vulnerability 1, float, innate caster, hp casting,
extra vitality 1
a: no special abilities


You were on level 5 of the Dungeon.
You visited 1 branch of the dungeon, and saw 5 of its levels.

You collected 156 gold pieces.
You spent 67 gold pieces at shops.

Inventory:

Hand Weapons
 a - a +1 war axe of flaming (weapon)
Missiles
 b - 12 poisoned darts (quivered)
Armour
 c - a +0 kite shield (worn)
 e - a +0 chain mail
 h - the +2 leather armour of Idaq (worn) {rF+ Regen+}
   (You found it on level 5 of the Dungeon)

   It protects you from fire.
   It increases your rate of health regeneration.
Scrolls
 d - a scroll of blinking
Potions
 f - a potion of ambrosia
 g - a potion of heal wounds {unknown}
 k - a potion of attraction {unknown}


   Skills:
 + Level 6.1 Fighting
 + Level 4.7 Axes
 - Level 3.0 Armour
 + Level 6.1 Shields


You had one spell level left.
You knew the following spells:

 Your Spells              Type           Power      Damage    Failure   Level
a - Corona                Hex            0%         N/A       80%         1
b - Static Discharge      Conj/Air       0%         N/A       90%         2
c - Mephitic Cloud        Conj/Pois/Air  0%         N/A       99%         3
Your spell library was empty.

Dungeon Overview and Level Annotations

Branches:
Dungeon (5/15)
 Temple: D:4-7

Altars:

Shops:
D:2 *((:!

Portals:
Sewer: D:5

Annotations:
D:3 2 runed translucent doors, tardwrangler69's ghost, amateur MfGl


Innate Abilities, Weirdness & Mutations

You are immune to poison.
Your flesh is very heat resistant. (rF++)
You are vulnerable to cold. (rC-)
You float through the air rather than walking.
You learn spells naturally, not from books.
Your magical power is your life essence.
You have superior vitality. (+4 HP)


Message History

You block the black bear's attack.
The black bear claws you but does no damage. x2
The adder barely misses you.
You take 4 damage, and have 31/61 hp.
Your shield prevents you from hitting the adder.
You hit the black bear. You burn the black bear. You hit the gnoll.
You burn the gnoll. You block the gnoll's attack. The gnoll barely misses you.
The adder bites you. The black bear barely misses you.
You block the black bear's attack. x2; The gnoll hits you with a +0 club.
The gnoll hits you from afar with a +0 halberd.
The adder misses you.
You take 8 damage, and have 23/61 hp.
You barely miss the adder. You barely miss the gnoll. You hit the black bear.
You burn the black bear.
The black bear bites you but does no damage.
You block the black bear's attack. The black bear completely misses you.
The gnoll closely misses you. You block the adder's attack.
The gnoll closely misses you.
The black bear bites you but does no damage.
The black bear closely misses you. You block the black bear's attack.
You barely miss the adder. You barely miss the gnoll. You slash the black bear!
You burn the black bear.
You kill the black bear!
You hear the rusting of a drain.
The adder barely misses you. You block the gnoll's attack.
The gnoll hits you from afar with a +0 halberd!
* * * LOW HITPOINT WARNING * * *
The adder bites you but does no damage. You block the gnoll's attack.
The gnoll closely misses you. The gnoll barely misses you.
You take 8 damage, and have 15/61 hp.
You barely miss the adder. You completely miss the gnoll. You slash the gnoll!
You burn the gnoll. You block the adder's attack.
The gnoll hits you with a +0 flail.
* * * LOW HITPOINT WARNING * * *
The gnoll hits you with a +0 club!
* * * LOW HITPOINT WARNING * * *
The gnoll barely misses you. The adder bites you.
* * * LOW HITPOINT WARNING * * *
The gnoll hits you with a +0 flail!
You die...

#.........(........#
#.#####............##
#.#≈≈≈#..*,.........#
#.#≈≈≈#.#**##.....#.#
#.#≈∩≈#.## #...)....#
#.#≈≈≈#..###........#
#.#≈B≈#.............#
#.##S##g##.##.....#.##
#....@g.#..###...##...
#.#.##g##.## ########g
*..,,....h* #..
##**#####.# ###..
*,,,,..# ###....
*,,...#######..g...
*,,....g..g......##
*,,g.########..†###
*,,,,* #......


You could see 3 gnolls, an adder and a giant cockroach.

Vanquished Creatures
  2 water moccasins (D:5)
  A black bear (D:5)
  2 necrophages
  2 ogres (D:4)
  A phantom (D:5)
  A scorpion (D:4)
  A centaur zombie (D:5)
  A hound (D:5)
  Jessica (D:2)
  2 orc wizards (D:4)
  7 adders
  2 worms
  6 orcs
  10 endoplasms
  4 giant cockroaches
  6 goblins
  6 hobgoblins
  2 jackals (D:1)
  9 kobolds
  4 quokkas
  3 ball pythons
  2 bats
  8 frilled lizards
  4 rats
87 creatures vanquished.

Vanquished Creatures (others)
  4 fungi (D:4)
4 creatures vanquished.

Grand Total: 91 creatures vanquished

Notes
Turn   | Place    | Note
-------+----------+-------------------------------------------
     0 | D:1      | gimp the Djinni Fighter began the quest for the Orb.
     0 | D:1      | Reached XP level 1. HP: 20/20 MP: 0/0
   465 | D:1      | Reached XP level 2. HP: 25/25 MP: 0/0
  1198 | D:1      | Identified a scroll of acquirement
  1198 | D:1      | Acquired a manual of Armour
  1210 | D:1      | Reached XP level 3. HP: 29/30 MP: 0/0
  1210 | D:1      | Learned a level 1 spell: Corona
  1327 | D:2      | Found Evvag's Book Boutique.
  1485 | D:2      | Found Ruvvaqac's Distillery.
  1538 | D:2      | Found Zuewaan's Antique Weapon Shop.
  1653 | D:2      | Bought a potion of curing for 39 gold pieces
  1687 | D:2      | Noticed Jessica
  1695 | D:2      | Killed Jessica
  1696 | D:2      | Reached XP level 4. HP: 18/37 MP: 0/0
  1892 | D:2      | Found a faded altar of an unknown god.
  2334 | D:2      | Found Sitheam's Antique Weapon Shop.
  2418 | D:2      | Found Qoat's Assorted Antiques.
  2422 | D:2      | Bought a scroll labelled ROXUV VATAU for 28 gold pieces
  2583 | D:3      | Found a runed translucent door.
  3247 | D:3      | Reached XP level 5. HP: 39/41 MP: 0/0
  3247 | D:3      | Learned a level 2 spell: Static Discharge
  3314 | D:3      | Found a runed translucent door.
  3320 | D:3      | Noticed tardwrangler69's ghost (amateur MfGl)
  3470 | D:4      | Noticed an ogre
  3701 | D:4      | Noticed a necrophage
  3706 | D:4      | Killed a necrophage
  3967 | D:4      | Reached XP level 6. HP: 29/48 MP: 0/0
  4990 | D:4      | Reached skill level 5 in Fighting
  4990 | D:4      | Reached skill level 5 in Shields
  4990 | D:4      | Reached XP level 7. HP: 15/54 MP: 0/0
  4990 | D:4      | Learned a level 3 spell: Mephitic Cloud
  5529 | D:5      | Entered Level 5 of the Dungeon
  5735 | D:5      | Reached XP level 8. HP: 45/61 MP: 0/0
  5756 | D:5      | Identified the +2 leather armour of Idaq {rF+ Regen+}
  5839 | D:5      | Found a glowing drain.
  5854 | D:5      | HP: 3/61 [adder (2)]
  5854 | D:5      | Slain by a gnoll

Illustrated notes

Levels and vault maps discovered:
D:1:      eino_arrival_cavern_e, layout_loops_ring, amcnicky_mini_pool_small,
          hangedman_decor_growths
D:2:      layout_basic, shapermc_ecumenical_altar_venn, serial_shops, shop,
          shop, shop, shop_fountains, shop, uniq_jessica
D:3:      layout_rooms, ebering_ghost_sewer_f
D:4:      layout_basic, serial_aquarium, aquarium_bridge_straight
          [aquarium_subvault_bridge, aquarium_subvault_wall,
          aquarium_subvault_bridge, aquarium_subvault_balcony],
          aquarium_window_1, aquarium_window_fake, aquarium_window_1,
          aquarium_window_fake, aquarium_view_2g, aquarium_view_2a,
          aquarium_pool_double
D:5:      minmay_octagon_keep, layout_rooms, gup_sewer_entry_glass, uniq_ijyb

Skill      XL: |  1  2  3  4  5  6  7  8 |
---------------+-------------------------+-----
Axes           | 2 3 4 |  4.7
Shields        | 4 5 6 |  6.1
Fighting       | 4 5 6 |  6.1
Armour         | |  3.0

Action                   |  1- 3 |  4- 6 |  7- 9 || total
-------------------------+-------+-------+-------++-------
Melee: War axe           |    76 |   165 |    67 ||   308
Throw: Boomerang         |     3 |       |       ||     3
       Dart              |       |     2 |       ||     2
  Use: Potion            |     1 |     2 |     1 ||     4
       Scroll            |     4 |     6 |     1 ||    11
Armor: Scale mail        |    40 |       |       ||    40
       Chain mail        |     3 |    86 |    35 ||   124
       Skin              |       |       |    12 ||    12
       Leather armour    |       |       |     9 ||     9
Dodge: Dodged            |    18 |    26 |    32 ||    76
Block: Kite shield       |    39 |    67 |    67 ||   173

Table legend: (Time is in decaauts)
 A = Elapsed time spent in this place.
 B = Non-inter-level travel time spent in this place.
 C = Inter-level travel time spent in this place.
 D = Time resting spent in this place.
 E = Time spent auto-exploring this place.
 F = Levels seen in this place.
 G = Mean time per level.
                   A        B        C        D        E       F      G
               +--------+--------+--------+--------+--------+-----+--------+
         Total |   6034 |   5723 |    311 |    353 |   4433 |   5 | 1206.8 |
       Dungeon |   6034 |   5723 |    311 |    353 |   4433 |   5 | 1206.8 |
               +--------+--------+--------+--------+--------+-----+--------+

Top non-repeatable levels by time:
     D:4: 1903 daAuts
     D:1: 1363 daAuts
     D:2: 1296 daAuts
     D:3: 1116 daAuts
     D:5: 355 daAuts
